 Dungeon Crawl Stone Soup version 0.21.1-1-g345015f (webtiles) character file.

51 tester123 the Chopper (level 3, 0/33 HPs)
             Began as a Naga Gladiator on July 25, 2018.
             Slain by an adder zombie (2 damage)
             ... on level 2 of the Dungeon.
             The game lasted 00:07:33 (1013 turns).

tester123 the Chopper (Naga Gladiator)              Turns: 1013, Time: 00:07:34

Health: 0/33       AC:  4    Str: 17    XL:     3   Next: 81%
Magic:  3/3        EV:  9    Int:  8    God:
Gold:   75         SH:  3    Dex: 12    Spells: 2/2 levels left

rFire    . . .     SeeInvis +   n - +0 whip (venom)
rCold    . . .     Gourm    .   p - +0 buckler
rNeg     . . .     Faith    .   b - +0 leather armour
rPois    +         Spirit   .   c - +0 helmet
rElec    .         Reflect  .   (no cloak)
rCorr    .         Harm     .   k - +0 pair of gloves
MR       .....                  (no barding)
Stlth    +.........             (no amulet)
HPRegen  0.11/turn              (no ring)
MPRegen  0.08/turn              (no ring)

@: very slow
A: large, see invisible, deformed body, poison resistance, slowness 2, slow
metabolism 1, spit poison 1, AC +1
a: Spit Poison


You were on level 2 of the Dungeon.
You were not hungry.

You visited 1 branch of the dungeon, and saw 2 of its levels.

You collected 75 gold pieces.

Inventory:

Hand Weapons
 a - a +0 war axe
 m - a +0 spear
 n - a +0 whip of venom (weapon)
 s - a +0 short sword of electrocution
Missiles
 d - 3 throwing nets (quivered)
Armour
 b - a +0 leather armour (worn)
 c - a +0 helmet (worn)
 k - a +0 pair of gloves (worn)
 p - a +0 buckler (worn)
Scrolls
 e - a scroll of enchant armour {unknown}
 g - 2 scrolls of identify {unknown}
 h - 2 scrolls of fear {unknown}
 i - a scroll of enchant weapon {unknown}
 q - 2 scrolls of amnesia {unknown}
 t - 2 scrolls of remove curse {unknown}
 u - a scroll of teleportation {unknown}
 v - a scroll of noise {unknown}
Potions
 j - a potion of curing {unknown}
 l - a potion of lignification {unknown}
 o - a potion of ambrosia {unknown}
 r - a potion of cancellation {unknown}
Comestibles
 f - 3 rations


   Skills:
 + Level 2.5 Fighting
 + Level 3.6 Axes
 - Level 1.8 Throwing
 - Level 0.3 Armour
 + Level 2.8 Dodging
 + Level 1.2 Stealth


You had 2 spell levels left.
You didn't know any spells.

Dungeon Overview and Level Annotations

Branches:
Dungeon (2/15)

Altars:
Nemelex Xobeh


Innate Abilities, Weirdness & Mutations

You cannot wear boots.
Your serpentine skin is tough. (AC +1)
You have supernaturally acute eyesight. (SInv)
Armour fits poorly on your strangely shaped body.
Your system is resistant to poisons. (rPois)
You cover ground very slowly.
You have a slow metabolism.
You can spit poison.


Message History

The bat closely misses you. The bat hits you but does no damage.
The bat closely misses you.
You kill the bat!
You barely miss the adder zombie. You block the adder zombie's attack.
You completely miss the adder zombie. The adder zombie closely misses you.
You hit the adder zombie.
The adder zombie is lightly damaged.
The adder zombie bites you but does no damage.
You hit the adder zombie.
The adder zombie is moderately damaged.
The adder zombie barely misses you.
You hit the adder zombie.
The adder zombie is heavily damaged.
The adder zombie bites you but does no damage.
The adder zombie bites you.
* * * LOW HITPOINT WARNING * * *
You hit the adder zombie.
The adder zombie is almost destroyed.
The adder zombie bites you.
You die...

#.#.#.#.#.#.#..#
#.#.#.##...
................#
#.#.#......
..###.#.#.#.#.#..#
#...#..#... .#
###.....#.##.#
#..##..#... ##....#.##.#
#..##..#### #....#.##.#
#......# # #....#.##.##
##.###.# #
#......#.#.####.###.####
###....@###............#
######Z#.####..#####.#
#######.## #..#####.#
#........## #.........
......†....# ##.#####.#
.#.##.##...####.#####.#
#.................#
(..........###.#######
#.##..##...# #.#


You could see an adder zombie.

Vanquished Creatures
  An adder (D:2)
  2 worms (D:2)
  3 dart slugs (D:1)
  6 bats
  4 goblins
  3 hobgoblins
  2 jackals (D:1)
  2 frilled lizards
  4 kobolds
  3 rats (D:1)
30 creatures vanquished.

Notes
Turn   | Place    | Note
-------+----------+-------------------------------------------
     0 | D:1      | tester123 the Naga Gladiator began the quest for the Orb.
     0 | D:1      | Reached XP level 1. HP: 19/19 MP: 1/1
    37 | D:1      | Reached XP level 2. HP: 4/26 MP: 2/2
   591 | D:1      | Found a sparkling altar of Nemelex Xobeh.
   594 | D:1      | Reached XP level 3. HP: 15/32 MP: 3/3
   934 | D:2      | Reached skill level 1 in Stealth
  1013 | D:2      | Slain by an adder zombie

Skill      XL: |  1  2  3 |
---------------+----------+-----
Stealth        | 1 |  1.2
Fighting       | |  2.5
Axes           | |  3.6
Throwing       | |  1.8
Armour         | |  0.3
Dodging        | |  2.8

Action                   || total
-------------------------++-------
Melee: War axe           ||    57
       Whip              ||    58
Armor: Leather armour    ||    58
Dodge: Dodged            ||    70
Block: Buckler           ||    11
